 Dungeon Crawl Stone Soup version 0.31-a0-175-g9f7f995f2b (webtiles) character file.

Game seed: 13041913382561350845

578 qw the Shooter (level 7, -5/43 HPs)
             Began as a Gargoyle Hunter on June 16, 2023.
             Slain by an ogre
             ... wielding a +0 giant spiked club
              (18 damage)
             ... on level 4 of the Dungeon.
             The game lasted 00:01:28 (3733 turns).

qw the Shooter (Gargoyle Hunter)                    Turns: 3733, Time: 00:01:28

Health: -5/43      AC: 16    Str: 15    XL:     7   Next: 36%
Magic:  7/7        EV: 11    Int: 13    God:
Gold:   309        SH:  0    Dex: 15    Spells: 6/6 levels left

rFire   . . .        Y - +1 shortbow
rCold   . . .        (shield currently unavailable)
rNeg    + . .        l - +0 ring mail
rPois   inf          i - +0 helmet of Day {Int+4}
rElec   +            (no cloak)
rCorr   .            d - +0 pair of gloves
SInv    .            (no boots)
Will    ++...        (no amulet)
Stlth   +            j - +4 ring of protection
HPRegen 0.27/turn    b - ring of willpower
MPRegen 0.10/turn

%: no passive effects
@: enlightened, flying (expiring)
A: sickness immunity, AC +4, negative energy resistance 1, electricity
resistance, torment resistance 1, petrification resistance
a: no special abilities


You were on level 4 of the Dungeon.
You visited 1 branch of the dungeon, and saw 5 of its levels.

You collected 309 gold pieces.


Innate Abilities, Weirdness & Mutations

You are immune to sickness and miasma.
Your stone body is resilient. (AC +4)
You are immune to poison.
You resist negative energy. (rN+)
You are resistant to electric shocks. (rElec)
You are resistant to unholy torment.
You are immune to petrification.


   Skills:
 - Level 4.0 Fighting
 + Level 7.3 Ranged Weapons
 - Level 3.5 Armour
 - Level 1.5 Dodging
 - Level 1.1 Stealth


You had 6 spell levels left.
You didn't know any spells.
Your spell library was empty.

Inventory:

Hand Weapons
 Y - a +1 shortbow (weapon)
Armour
 d - a +0 pair of gloves (worn)
 i - the +0 helmet of Day (worn) {Int+4}
   (You took it off Robin on level 4 of the Dungeon)

   Int:       It affects your intelligence (+4).
 l - a +0 ring mail (worn)
Jewellery
 b - a ring of willpower (right hand)
 c - a ring of resist corrosion
 j - a +4 ring of protection (left hand)
Scrolls
 a - 4 scrolls of identify
 m - 2 scrolls of teleportation
Potions
 e - 3 potions of attraction
 f - a potion of resistance
 g - a potion of lignification

Dungeon Overview and Level Annotations

Branches:
Dungeon (5/15)
 Temple: D:4-7

Altars:

Shops:
D:4 [


Message History

The lemure closely misses you.
The ogre hits you with a +0 giant spiked club!
3721 ||| STAIRDANCE The lemure barely misses you.
The ogre hits you with a +0 giant spiked club!
You fly upwards.
There is a stone staircase leading down here.
You see here a potion of enlightenment.
You shoot an arrow. The arrow hits the lemure.
The lemure is almost dead.
The lemure hits you but does no damage. The ogre barely misses you.
The lemure hits you but does no damage.
You shoot an arrow. The arrow barely misses the lemure.
The lemure closely misses you.
You shoot an arrow. The arrow barely misses the lemure.
The ogre barely misses you. The lemure hits you.
You shoot an arrow. The arrow closely misses the lemure.
The lemure closely misses you. The ogre barely misses you.
You shoot an arrow. The arrow hits the lemure.
The lemure is almost dead.
The lemure hits you but does no damage. The ogre hits you but does no damage.
You shoot an arrow. The arrow hits the lemure.
The lemure is almost dead.
The lemure hits you but does no damage.
You shoot an arrow. The arrow hits the lemure!
You kill the lemure!
That felt strangely unrewarding.
The ogre closely misses you.
You shoot an arrow. The arrow hits the ogre!
The ogre is moderately wounded.
The ogre hits you with a +0 giant spiked club.
You shoot an arrow. The arrow hits the ogre.
The ogre is heavily wounded.
The ogre misses you.
You shoot an arrow. The arrow barely misses the ogre.
You shoot an arrow. The arrow hits the ogre!
The ogre is severely wounded.
You are starting to lose your buoyancy.
The ogre hits you with a +0 giant spiked club!!
You die...

#...........######.###.###
#####'####### #.# #.#
####.....# #.# ### ...'.....#
#.# ####.....# #.# # #.....#
#.# # #.....# #<# # #.....#
#####.# # #.#'### #O@...###
####.#.# ##%%....#
#....#.#########......#
#.####.........#......#
#.#####...............#
#.........77...#......####
#######........#.........#
#.......77.........##.##
#.##...7.7...........).#######


You could see an ogre.

Vanquished Creatures
  Prince Ribbit (D:5)
  Menkaure (D:5)
  A lemure (D:4)
  2 hounds (D:4)
  2 orc priests
  2 iguanas (D:4)
  2 orc wizards
  Robin (D:4)
  2 adders
  4 gnolls (D:4)
  2 worms (D:2)
  12 orcs
  5 bats
  5 endoplasms
  3 giant cockroaches
  17 goblins
  8 hobgoblins
  6 jackals (D:1)
  7 kobolds
  3 quokkas
  6 ball pythons
  4 rats
96 creatures vanquished.

Notes
Turn   | Place    | Note
-------+----------+-------------------------------------------
     0 | D:1      | qw the Gargoyle Hunter began the quest for the Orb.
     0 | D:1      | Reached XP level 1. HP: 12/12 MP: 1/1
     0 | D:1      | 0 ||| qw: Version: 0.2-a-29-g511e9b1
     0 | D:1      | 0 ||| qw: Game counter: 5913
     0 | D:1      | 0 ||| qw: Always use a shield: true
     0 | D:1      | 0 ||| qw: God list: Okawaru
     0 | D:1      | 0 ||| qw: Allow faded altars: false
     0 | D:1      | 0 ||| qw: Do Orc after D:15 true
     0 | D:1      | 0 ||| qw: Do second Lair branch before Depths: true
     0 | D:1      | 0 ||| qw: Lair rune preference: random
     0 | D:1      | 0 ||| qw: Plans: Normal, Zot:1-4, Slime:5, God:TSO, Crypt,
                  | Tomb, Abyss, Pan, Hells, Win
     0 | D:1      | 0 ||| PLANNING D:1-11
   223 | D:1      | Reached XP level 2. HP: 17/17 MP: 2/2
   672 | D:1      | 672 ||| UPGRADING to +0 pair of gloves.
   677 | D:1      | 677 ||| UPGRADING to +4 ring of protection.
   678 | D:1      | 678 ||| READING 3 scrolls labelled BOLYORPH XUQAU.
   679 | D:1      | 679 ||| READING scroll labelled WINAEM QUPAUKK.
   683 | D:1      | 683 ||| READING scroll labelled GUSHOCVOTEF.
   684 | D:1      | 684 ||| DRINKING 2 murky coppery potions.
   685 | D:1      | 685 ||| READING 2 scrolls of identify.
   685 | D:1      | 685 ||| IDENTIFYING glowing blue potion
   686 | D:1      | 686 ||| DROPPING scroll of butterflies.
   762 | D:2      | Reached XP level 3. HP: 21/21 MP: 3/3
   882 | D:2      | Reached skill level 5 in Ranged Weapons
  1153 | D:2      | Reached skill level 3 in Fighting
  1209 | D:2      | Reached XP level 4. HP: 28/28 MP: 4/4
  1435 | D:2      | 1435 ||| UPGRADING to +0 ring mail.
  1445 | D:2      | 1445 ||| DROPPING +0 leather armour.
  1446 | D:2      | 1446 ||| DROPPING ring of wizardry.
  1447 | D:2      | 1447 ||| READING scroll labelled PIRUG TODOMOEN.
  1548 | D:2      | 1548 ||| READING scroll labelled SOOJOB UXZIADWI.
  1549 | D:2      | 1549 ||| READING 4 scrolls of identify.
  1549 | D:2      | 1549 ||| IDENTIFYING white potion
  1550 | D:2      | 1550 ||| READING 3 scrolls of identify.
  1550 | D:2      | 1550 ||| IDENTIFYING red potion
  1551 | D:2      | 1551 ||| DROPPING potion of degeneration.
  1709 | D:3      | Reached skill level 1 in Armour
  2151 | D:3      | Reached XP level 5. HP: 32/32 MP: 5/5
  2178 | D:3      | 2178 ||| FLEEEEING.
  2179 | D:3      | 2179 ||| FLEEEEING.
  2330 | D:3      | 2330 ||| UPGRADING to ring of willpower.
  2331 | D:3      | 2331 ||| READING scroll labelled JYCSUAGYCA.
  2332 | D:3      | 2332 ||| READING scroll labelled UTYRARE QILAE.
  2333 | D:3      | 2333 ||| READING 5 scrolls of identify.
  2333 | D:3      | 2333 ||| IDENTIFYING blue potion
  2334 | D:3      | 2334 ||| DROPPING potion of brilliance.
  2361 | D:4      | Reached skill level 6 in Ranged Weapons
  2401 | D:4      | Found Mimnuto's Armour Shop.
  2412 | D:4      | 2412 ||| SHOPLISTING +1 cloak of Rupnyfux {rF+ Regen+ Dex+4
                  | Stlth+} (416 gold, have 225).
  2572 | D:4      | 2572 ||| Stepping ~*~*~tactically~*~*~ (outnumbered).
  2586 | D:4      | Reached XP level 6. HP: 19/38 MP: 6/6
  2717 | D:4      | Identified the +0 helmet of Day {Int+4}
  2717 | D:4      | Noticed Robin
  2728 | D:4      | Killed Robin
  3471 | D:4      | Reached skill level 7 in Ranged Weapons
  3497 | D:4      | 3497 ||| UPGRADING to +0 helmet of Day {Int+4}.
  3502 | D:4      | 3502 ||| READING scroll labelled TOONGY ZAWOAPU.
  3526 | D:5      | Entered Level 5 of the Dungeon
  3533 | D:5      | 3533 ||| STAIRDANCE
  3649 | D:5      | Noticed Menkaure
  3656 | D:5      | Noticed Prince Ribbit
  3657 | D:5      | Killed Menkaure
  3658 | D:5      | Reached skill level 3 in Armour
  3658 | D:5      | Reached XP level 7. HP: 28/43 MP: 7/7
  3658 | D:5      | 3658 ||| FLEEEEING.
  3660 | D:5      | Killed Prince Ribbit
  3661 | D:5      | 3661 ||| FLEEEEING.
  3662 | D:5      | 3662 ||| FLEEEEING.
  3663 | D:5      | 3663 ||| STAIRDANCE
  3713 | D:4      | 3713 ||| DRINKING 2 sedimented orange potions.
  3714 | D:4      | 3714 ||| DROPPING potion of enlightenment.
  3721 | D:5      | 3721 ||| STAIRDANCE
  3733 | D:4      | Slain by an ogre

Levels and vault maps discovered:
D:1:      dpeg_arrival_pits, layout_loops_ring
D:2:      layout_loops_ring, roderic_roman_lattice
D:3:      layout_loops_ring
D:4:      layout_basic, serial_shops, nicolae_shop_tiny_glass, chequers_garden,
          uniq_robin
D:5:      layout_rooms, mainiacjoe_overflow_catwalk,
          mainiacjoe_overflow_brackets, uniq_blork_the_orc, uniq_menkaure,
          uniq_pikel, uniq_prince_ribbit1

Skill      XL: |  1  2  3  4  5  6 |
---------------+-------------------+-----
Ranged Weapons | 5 6 7 |  7.3
Fighting       | 3 4 |  4.0
Armour         | 1 3 |  3.5
Dodging        | |  1.5
Stealth        | |  1.1

Action                     |  1- 3 |  4- 6 |  7- 9 || total
---------------------------+-------+-------+-------++-------
   Fire: Shortbow          |   144 |   220 |    17 ||   381
    Use: Scroll            |     4 |     8 |       ||    12
         Potion            |     1 |       |     1 ||     2
 Armour: Leather armour    |    44 |       |       ||    44
         Ring mail         |       |   100 |     5 ||   105
  Dodge: Dodged            |    52 |   113 |    14 ||   179

Table legend:
 A = Non-vault XP
 B = Vault XP
 C = Vault XP percentage of total XP
 D = Non-vault monster count
 E = Vault monster count
 F = Vault count percentage of total count
                 A         B        C        D         E       F
            +---------+---------+-------+---------+---------+-------
      Total |     537 |     290 |  35.1 |      82 |      13 |  13.7
            +---------+---------+-------+---------+---------+-------
        D:1 |      33 |       0 |   0.0 |      18 |       0 |   0.0
        D:2 |      55 |       0 |   0.0 |      21 |       0 |   0.0
        D:3 |     118 |       0 |   0.0 |      21 |       0 |   0.0
        D:4 |     331 |      34 |   9.3 |      22 |      11 |  33.3
        D:5 |       0 |     256 | 100.0 |       0 |       2 | 100.0
            +---------+---------+-------+---------+---------+-------
